 Dungeon Crawl Stone Soup version 0.25-a0-549-g6e6e6501ad (webtiles) character file.

Game seed: 5391456050146132665, levelgen mode: deterministic

283 Eurus the Magician (level 6, -1/43 HPs)
             Began as a Mummy Conjurer on Feb 23, 2020.
             Slain by a sky beast (6 damage)
             ... on level 3 of the Dungeon.
             The game lasted 00:07:20 (3151 turns).

Eurus the Magician (Mummy Conjurer)                 Turns: 3151, Time: 00:07:21

Health: -1/43      AC:  2    Str: 11    XL:     6   Next: 7%
Magic:  0/12       EV: 12    Int: 16    God:
Gold:   145        SH:  0    Dex: 13    Spells: 6/13 levels left

rFire    x . .     SeeInvis .   b - +0 dagger (flame)
rCold    + . .     Gourm    .   (no shield)
rNeg     + + +     Faith    .   a - +0 robe
rPois    ∞         Spirit   .   (no helmet)
rElec    .         Reflect  .   (no cloak)
rCorr    .         Harm     .   (no gloves)
MR       .....                  (no boots)
Stlth    ++........             (no amulet)
HPRegen  0.14/turn              (no ring)
MPRegen  0.13/turn              (no ring)

@: no status effects
A: no food or potions, fire vulnerability, cold resistance 1, negative energy
resistance 3, torment resistance, unbreathing
a: no special abilities


You were on level 3 of the Dungeon.
You were not hungry.

You visited 1 branch of the dungeon, and saw 3 of its levels.

You collected 145 gold pieces.

Inventory:

Hand Weapons
 b - a +0 dagger of flaming (weapon)
Armour
 a - a +0 robe (worn)
 e - a +2 buckler
Jewellery
 f - an uncursed ring of resist corrosion
Wands
 i - a wand of random effects (7)
Scrolls
 c - a scroll of teleportation {unknown}
 d - a scroll of random uselessness {unknown}
 g - a scroll of identify {unknown}
 h - a scroll of fear {unknown}


   Skills:
 - Level 1.3 Fighting
 - Level 1.5 Dodging
 - Level 1.5 Stealth
 * Level 2.6 Shields
 + Level 4.4 Spellcasting
 + Level 4.4 Conjurations
 + Level 0.1 Translocations


You had 6 spell levels left.
You knew the following spells:

 Your Spells              Type           Power        Failure   Level  Hunger
a - Magic Dart            Conj           ###.         2%          1    N/A
b - Searing Ray           Conj           ###...       4%          2    N/A
c - Iskenderun's Mystic   Conj/Tloc      ##......     54%         4    N/A

Your spell library contained the following spells:

 Spells                   Type           Power        Failure   Level  Hunger
 Dazzling Flash           Conj/Hex       ##....       21%         3    N/A
 Fulminant Prism          Conj/Hex       ##........   54%         4    N/A

Dungeon Overview and Level Annotations

Branches:
Dungeon (3/15)

Altars:
Wu Jian


Innate Abilities, Weirdness & Mutations

You do not eat or drink.
Your flesh is vulnerable to fire.
You are immune to poison.
Your flesh is cold resistant. (rC+)
You are immune to negative energy. (rN+++)
You are immune to unholy pain and torment.
You can survive without breathing.


Message History

* * * LOW HITPOINT WARNING * * *
Something hits you but does no damage.
You finish channeling your searing ray.
Something hits you.
* * * LOW HITPOINT WARNING * * *
Something shocks you.
* * * LOW HITPOINT WARNING * * *
Casting: Searing Ray (safe; 4% risk of failure)
Confirm with . or Enter, or press ? or * to list all spells.
Aiming: Searing Ray (safe; 4% risk of failure)
Press: ? - help, Shift-Dir - straight line (Press . to maintain the ray.)
A sky beast appears from thin air!
Reactivating autopickup.
The sky beast completely misses you.
You closely miss the sky beast.
The sky beast is almost dead.
The sky beast hits you.
* * * LOW HITPOINT WARNING * * *
The sky beast shocks you.
You die...

#.##.####.#. .. #.##.# #.##
#. # #######.##.# #... .. #
#...)†).##.# #..# . #
#.########.# #..#.#.# ## #
#.# #.# #..#)##.#.#.## # #
#.########.# #.§§...... ..#
.# ...........# ##Y#.##.##
#.##.# #.########## #@#
##.# #.... #.# #.#.##.##
#..##### ..#
#)#.#...###....... .##
##########.#........#.#####
^# #........(!###...##.#.#
.# #.########## ##.###.#.#
.######.# #########.# #.#.#
......†.# #..>......# #.#.#
######### #.######### #.#.#


You could see a sky beast.

Vanquished Creatures
  2 orc wizards (D:3)
  5 adders
  9 gnolls
  5 worms
  2 dart slugs
  2 leopard geckos (D:2)
  10 orcs (D:3)
  6 giant cockroaches
  12 goblins
  5 hobgoblins
  4 kobolds
  A quokka (D:3)
  7 bats
  3 frilled lizards (D:2)
  6 rats
79 creatures vanquished.

Notes
Turn   | Place    | Note
-------+----------+-------------------------------------------
     0 | D:1      | Eurus the Mummy Conjurer began the quest for the Orb.
     0 | D:1      | Reached XP level 1. HP: 13/13 MP: 4/4
   268 | D:1      | Reached XP level 2. HP: 20/20 MP: 2/5
   276 | D:1      | Learned a level 2 spell: Searing Ray
   566 | D:1      | Reached skill level 1 in Fighting
   704 | D:2      | Reached XP level 3. HP: 26/26 MP: 2/7
  1172 | D:2      | Reached XP level 4. HP: 30/32 MP: 5/9
  1519 | D:2      | Reached skill level 1 in Shields
  1621 | D:2      | Found an ornate altar of the Wu Jian Council.
  1838 | D:3      | Noticed a sky beast
  2369 | D:3      | Reached XP level 5. HP: 37/37 MP: 7/10
  2957 | D:3      | Reached XP level 6. HP: 43/43 MP: 1/12
  3048 | D:3      | Learned a level 4 spell: Iskenderun's Mystic Blast
  3151 | D:3      | Slain by a sky beast

Levels and vault maps discovered:
D:1:      kennysheep_arrival_forest, layout_basic
D:2:      minmay_spotlight, layout_loops_ring, lemuel_doored_altar, first_ration
D:3:      layout_loops_ring, grunt_decor_resistance, trog_book

Skill      XL: |  1  2  3  4  5 |
---------------+----------------+-----
Spellcasting   | 3 4 |  4.4
Fighting       | 1 |  1.3
Conjurations   | 4 |  4.4
Shields        | 1 2 |  2.6
Dodging        | |  1.5
Stealth        | |  1.5
Translocations | |  0.1

Action                   |  1- 3 |  4- 6 || total
-------------------------+-------+-------++-------
Melee: Dagger            |    35 |    63 ||    98
 Cast: Magic Dart        |    22 |    24 ||    46
       Searing Ray       |     8 |    19 ||    27
 Stab: Sleeping          |     3 |     4 ||     7
Armor: Robe              |     2 |     9 ||    11
Dodge: Dodged            |    22 |    47 ||    69

Table legend:
 A = Non-vault XP
 B = Vault XP
 C = Vault XP percentage of total XP
 D = Non-vault monster count
 E = Vault monster count
 F = Vault count percentage of total count
                 A         B        C        D         E       F
            +---------+---------+-------+---------+---------+-------
      Total |     383 |      22 |   5.4 |      75 |       4 |   5.1
            +---------+---------+-------+---------+---------+-------
        D:1 |      36 |       0 |   0.0 |      13 |       0 |   0.0
        D:2 |      74 |      22 |  22.9 |      20 |       4 |  16.7
        D:3 |     273 |       0 |   0.0 |      42 |       0 |   0.0
            +---------+---------+-------+---------+---------+-------
